 Dungeon Crawl Stone Soup version 0.17-a0-1197-g2d00c63 (webtiles) character file.

404 Charly the Chopper (level 6, 14/37 HPs)
             Began as a Gargoyle Berserker on June 2, 2015.
             Was a Believer of Trog.
             Quit the game on level 6 of the Dungeon.
             The game lasted 00:08:01 (683 turns).

Charly the Chopper (Gargoyle Berserker)              Turns: 683, Time: 00:08:01

Health: 14/37      AC: 17    Str: 21    XL:     6   Next: 86%
Magic:  6/6        EV:  6    Int:  7    God:    Trog [**....]
Gold:   96         SH:  0    Dex: 11    Spells: 0 memorised, 5 levels left

rFire  . . .     SeeInvis .     a - +0 war axe
rCold  . . .     Clarity  .     n - +0 plate armour
rNeg   + . .     SustAt   .     (no shield)
rPois  ∞         Gourm    .     (no helmet)
rElec  +         Spirit   .     e - +0 cloak
rCorr  .         Warding  .     (no gloves)
rMut   .         Stasis   .     (no boots)
MR     .....                    (no amulet)
Stlth  ..........               (no ring)
                                (no ring)

@: not resistant to hostile enchantments, extremely unstealthy
A: icy blue scales 1, negative energy resistance 1, electricity resistance,
unbreathing, petrification resistance, rot immunity, AC +4
a: Burn Spellbooks, Berserk, Trog's Hand, Renounce Religion


You were on level 6 of the Dungeon.
You worshipped Trog.
Trog was pleased with you.
You were not hungry.

You visited 2 branches of the dungeon, and saw 7 of its levels.

You collected 96 gold pieces.

Inventory:

Hand weapons
 a - a +0 war axe (weapon)
 o - a +2 hand axe of freezing
Armour
 e - a +0 cloak (worn)
 i - a +0 chain mail
 n - a +0 plate armour (worn)
Magical devices
 j - a wand of enslavement (7)
Scrolls
 b - a scroll of recharging {unknown}
 d - 2 scrolls of amnesia {unknown}
 g - a scroll of magic mapping {unknown}
 h - a scroll of summoning {unknown}
 l - a scroll of noise {unknown}
Potions
 c - 2 potions of resistance {unknown}
 f - a potion of curing
 k - a potion of berserk rage {unknown}
 m - a potion of lignification {unknown}


   Skills:
 - Level 3.2 Fighting
 + Level 6.8 Axes
 - Level 2.1 Armour
 - Level 1.5 Dodging


You had 5 spell levels left.
You didn't know any spells.

Dungeon Overview and Level Annotations

Branches:
Dungeon (6/15)             Temple (1/1) D:4

Altars:
Dithmenos
Elyvilon
Fedhas
Kikubaaqudgha
Okawaru
Qazlal
Ru
Trog
Vehumet
Xom
Yredelemnul
Zin


Innate Abilities, Weirdness & Mutations

You are resistant to torment.
Your stone body is resilient (AC +4).
You are immune to poison.
You resist negative energy.
You are resistant to electric shocks.
You can survive without breathing.
You are immune to petrification.
You are immune to rotting.
You are partially covered in icy blue scales (AC +1).


Message History

a club; a hobgoblin corpse
There is an open door here.
Things that are here:
a club; a hobgoblin corpse
There is an open door here.
Things that are here:
a club; a hobgoblin corpse
There is an open door here.
Things that are here:
a club; a hobgoblin corpse
There is an open door here.
Things that are here:
a club; a hobgoblin corpse
There is an open door here.
Things that are here:
a club; a hobgoblin corpse Are you sure you want to abandon this character and quit the game? (Confirm with "yes".)
Okay, then.
Unknown command.
Are you sure you want to abandon this character and quit the game? (Confirm with "yes".)

..### #..# #..## ##..#
#..###..# ##......####
######..........#####
..........†.........#
+#'###.....####.....# ###
..)).#######..####P.# #..##
...(.#.(†..#..).@#..###....##
.....#..#..#.†#..#..##......#
'#####[)####'#####P.#.......##
..'..##)#.)..# #P...........##
..#(.........+ #.............#
###.########.# ##............#
'...#..# #..# #...........#
#...'..# #..+ #...........#
###.##### ##.# ##.........##


There were no monsters in sight!

Vanquished Creatures
  An orc warrior (D:6)
  2 ogres (D:6)
  Crazy Yiuf (D:4)
  A worker ant (D:4)
  A hound zombie (D:6)
  3 hound skeletons
  2 gnolls (D:6)
  2 worms
  6 orcs (D:6)
  2 giant cockroaches (D:4)
  6 hobgoblins (D:6)
  3 bats
  2 goblins
  6 kobolds
38 creatures vanquished.

Notes
Turn   | Place    | Note
--------------------------------------------------------------
     0 | D:1      | Charly the Gargoyle Berserker began the quest for the Orb.
     0 | D:1      | Reached XP level 1. HP: 14/14 MP: 1/1
   199 | D:4      | Noticed a worker ant
   204 | D:4      | Killed a worker ant
   204 | D:4      | Reached XP level 2. HP: 19/19 MP: 2/2
   204 | D:4      | Reached XP level 3. HP: 23/23 MP: 3/3
   219 | D:4      | Reached skill level 4 in Axes
   221 | D:4      | Gained mutation: You are partially covered in icy blue scales (AC +1). [potion of beneficial mutation]
   230 | D:4      | Noticed Crazy Yiuf
   256 | D:4      | Killed Crazy Yiuf
   256 | D:4      | Reached XP level 4. HP: 25/28 MP: 4/4
   282 | D:4      | Found a staircase to the Ecumenical Temple.
   292 | Temple   | Entered the Ecumenical Temple
   328 | D:5      | Entered Level 5 of the Dungeon
   376 | D:6      | Noticed an ogre
   386 | D:6      | Killed an ogre
   386 | D:6      | Reached skill level 5 in Axes
   386 | D:6      | Reached XP level 5. HP: 25/32 MP: 5/5
   474 | D:6      | Noticed an orc warrior
   492 | D:6      | Acquired Trog's second power
   522 | D:6      | Noticed an ogre
   531 | D:6      | Killed an ogre
   531 | D:6      | Reached skill level 6 in Axes
   531 | D:6      | Reached XP level 6. HP: 34/37 MP: 6/6
   605 | D:6      | Killed an orc warrior
   683 | D:6      | Quit the game

Vault maps used:
D:1:      minmay_arrival_nine_rooms, minmay_statues_item
D:2:      minmay_misc_feat_encased, nicolae_ru_path_of_blood, uniq_jessica
D:3:      kennysheep_the_goblin_king, minitemple
D:4:      minmay_temple_entry_mist, first_bread, supply_closet_lemuel,
          minivault_27, uniq_crazy_yiuf_cottage
D:5:      kennysheep_generic_room_13, uniq_menkaure
D:6:      corexii_shantytown, enter_ossuary_5
Temple:   circular_temple_12

Action                   |  1- 3 |  4- 6 || total
-------------------------+-------+-------++-------
Melee: Hand axe          |     9 |       ||     9
       War axe           |    11 |    72 ||    83
Invok: Berserk           |     2 |     3 ||     5
       Trog's Hand       |       |     1 ||     1
  Use: Scroll            |     1 |     1 ||     2
       Potion            |     1 |       ||     1
  Eat: Bread ration      |       |     1 ||     1
       Beef jerky        |       |     1 ||     1
